[Event "28th Hit Open-A 2024"]
[Site "Nova Gorica"]
[Date "2024.01.27"]
[Round "3.13"]
[White "Garsky, Vladyslav"]
[Black "Horvath, Andras"]
[Result "1-0"]
[ECO "C26"]
[WhiteElo "2186"]
[BlackElo "1901"]
[Annotator "TA"]
[PlyCount "85"]
[EventDate "2024.01.22"]
[EventType "swiss"]
[EventCountry "SLO"]
[SourceTitle "playchess.com"]
[Source "ChessBase"]
[SourceQuality "1"]
[TimeControl "5400+30"]

1. e4 e5 2. Nc3 Nf6 3. d4 exd4 4. Qxd4 Nc6 5. Qd3 Bc5 6. Bf4 d6 7. Nh3 (7. Bg3 $11) 7... O-O 8. O-O-O {[%emt 0:03:03][%cal Oe4e5] Black is slightly better.} Be6 9. a3 {[%emt 0:09:42] Wards off Nb4} a6 10. Nd5 (10. Be3 $11) 10... Bxh3 (10... Ne5 $17 11. Nxf6+ Qxf6) 11. gxh3 (11. Qxh3 $11 {keeps the balance.} Nxd5 12. Rxd5 (12. exd5 Ne5 $11)) 11... Ne5 (11... Bxf2 $6 12. Bg5 $16) 12. Qe2 Nxd5 13. Rxd5 Ng6 14. Bg3 Re8 15. Bg2 Qf6 16. Qd2 {[%emt 0:05:53] [#] Dodges Bd4} Bxa3 17. e5 $16 Nxe5 {[%emt 0:07:40] Black is on the road to losing.} (17... Bxb2+ $1 $14 18. Kxb2 Nxe5) 18. bxa3 Nf3 19. Qb4 Ne1 20. Be4 (20. Rxe1 Qa1+ 21. Kd2 Qxe1+ (21... Rxe1 22. Bf3 $15) 22. Kd3 Qd1+ 23. Qd2 (23. Kc3 Qa1+ 24. Qb2 Qg1 $17) 23... Qg1 $17) 20... Qa1+ $2 (20... Nf3 {was worth a try.} 21. Kb1 (21. Qxb7 $2 Rab8 $19) 21... b5) 21. Kd2 $18 c5 22. Qc4 (22. Rxe1 Qxe1+ 23. Kxe1 cxb4 $14) 22... b5 23. Qe2 (23. Rxe1 Qxe1+ 24. Kxe1 bxc4 $17) 23... Qxa3 24. Rxe1 {[%emt 0:00:56][%cal Oe4h7] White wants to mate with Bxh7+!} ({Weaker is} 24. Kxe1 f5 25. f3 (25. Rxf5 $2 {loses.} Qc1+ 26. Qd1 Rxe4+ 27. Kf1 Qxd1+ $19) 25... fxe4 26. fxe4 Qb4+ 27. Kf1 Rxe4 $11 (27... Qxe4 28. Qxe4 Rxe4 29. Bxd6 $16)) 24... Qb4+ 25. c3 (25. Kc1 $142) 25... Qb2+ 26. Kd3 c4+ 27. Kd4 Rxe4+ 28. Kxe4 Re8+ {[%emt 0:00:19] [#]} 29. Be5 $1 Qxc3 30. Qe3 Qc2+ (30... Rxe5+ {was called for.} 31. Rxe5 Qxe5+ 32. Kf3 Qf5+ 33. Kg2 h6) 31. Kf3 {[%emt 0:00:36][%cal Oe3g5] Qg5! would now be deadly.} Qf5+ 32. Qf4 Qxh3+ 33. Qg3 Qf5+ 34. Kg2 dxe5 35. Rdxe5 Rxe5 36. Rxe5 Qc8 {[%emt 0:00:01] Against Re8+} 37. Qe3 $2 {[%emt 0:00:13] Active counter play!} (37. Qf3 {Strongly threatening Re7.} Kf8 38. Qe4) 37... Kf8 (37... Qg4+ 38. Qg3 Qc8) 38. Qc5+ Qxc5 39. Rxc5 Ke7 40. Kf3 Kd6 41. Rc8 a5 (41... Kd5 $142 42. Ke2 a5) 42. Ke3 (42. Ke4 $142 {Black must now prevent Kd4.} b4 43. Rxc4) 42... a4 $2 (42... Kd5 43. Kd2 g6) 43. Kd4 {Weighted Error Value: White=0.48/Black=0.50.  Mistake:       	White=6     	Black=8      Inaccurate:     	White=2     	Black=4      OK:         	White=11    	Black=7      Best:        	White=9     	Black=7} 1-0

[Event "28th Hit Open-A 2024"]
[Site "Nova Gorica"]
[Date "2024.01.27"]
[Round "3.14"]
[White "Hozjan, Erik"]
[Black "Djuric, Stefan"]
[Result "0-1"]
[ECO "B06"]
[WhiteElo "1897"]
[BlackElo "2220"]
[Annotator "RC"]
[PlyCount "100"]
[EventDate "2024.01.22"]
[EventType "swiss"]
[EventCountry "SLO"]
[SourceTitle "playchess.com"]
[Source "ChessBase"]
[SourceQuality "1"]
[TimeControl "5400+30"]

1. e4 g6 2. d4 Bg7 3. Nc3 d5 4. Be3 Nf6 5. e5 Ng4 6. Bf4 f6 7. Be2 fxe5 8. dxe5 Nxe5 9. Qxd5 Nbd7 10. O-O-O c6 11. Qb3 Qa5 12. Ne4 Rf8 13. Bg5 Nb6 14. f4 Nf7 15. Nf3 Nxg5 16. Nfxg5 Nd5 17. Bc4 Qb6 18. Rhe1 Qxb3 19. Bxb3 Bg4 20. Rd2 O-O-O 21. Nc5 Nxf4 22. Rxd8+ Rxd8 23. g3 Ng2 24. Rf1 Bh6 25. h4 Ne3 26. Re1 Nd5 27. Kb1 b6 28. Nce6 Bxe6 29. Nxe6 Rd6 30. c4 Ne3 31. c5 bxc5 32. Nxc5 Rd2 33. g4 Nd5 34. Ne4 Rh2 35. Nc3 Bd2 36. Rd1 Bxc3 37. Bxd5 Rxb2+ 38. Kc1 cxd5 39. Rxd5 Rb7 40. h5 Rd7 41. Rb5 Bd2+ 42. Kc2 gxh5 43. Rxh5 h6 44. Re5 Bg5 45. Re4 Rd2+ 46. Kb3 Rf2 47. Ra4 Kb7 48. Rb4+ Ka8 49. a4 Rf3+ 50. Kc2 Rf4 0-1

[Event "28th Hit Open-A 2024"]
[Site "Nova Gorica"]
[Date "2024.01.27"]
[Round "3.15"]
[White "Zupancic, Jernej"]
[Black "Kukushkin, Ivan"]
[Result "1-0"]
[ECO "D26"]
[WhiteElo "2211"]
[BlackElo "1890"]
[Annotator "RC"]
[PlyCount "54"]
[EventDate "2024.01.22"]
[EventType "swiss"]
[EventCountry "SLO"]
[SourceTitle "playchess.com"]
[Source "ChessBase"]
[SourceQuality "1"]
[TimeControl "5400+30"]

1. d4 Nf6 2. Nf3 d5 3. c4 e6 4. e3 dxc4 5. Bxc4 c5 6. O-O Nc6 7. Nc3 cxd4 8. Nxd4 Nxd4 9. exd4 Be7 10. d5 exd5 11. Nxd5 Nxd5 12. Bxd5 O-O 13. Be3 Bg5 14. Qb3 Bxe3 15. fxe3 Qe7 16. Rxf7 Rxf7 17. Rf1 Kh8 18. Rxf7 Qe8 19. Qc3 Qg8 20. h3 Bxh3 21. gxh3 h6 22. Rxb7 Qh7 23. Rxg7 Qb1+ 24. Kh2 Qc2+ 25. Qxc2 Kxg7 26. Qc3+ Kh7 27. Bxa8 h5 1-0

[Event "28th Hit Open-A 2024"]
[Site "Nova Gorica"]
[Date "2024.01.27"]
[Round "3.16"]
[White "Siraj, Svit"]
[Black "Rigatti, Giorgio"]
[Result "1-0"]
[ECO "B52"]
[WhiteElo "2182"]
[BlackElo "1749"]
[Annotator "TA"]
[PlyCount "51"]
[EventDate "2024.01.22"]
[EventType "swiss"]
[EventCountry "SLO"]
[SourceTitle "playchess.com"]
[Source "ChessBase"]
[SourceQuality "1"]
[TimeControl "5400+30"]

1. e4 c5 2. Nf3 d6 3. Bb5+ Bd7 4. Bxd7+ Qxd7 5. c4 Nf6 6. Nc3 Nc6 7. O-O e5 8. d3 h6 9. a3 Be7 {[%emt 0:00:24] White is slightly better.} 10. Rb1 a5 11. Nd5 Nxd5 12. cxd5 Nd8 ({Better is} 12... Nd4 $14) 13. Nd2 Bg5 14. Nc4 Ra6 {[%emt 0:01:52] Repels Nb6} 15. f4 exf4 16. Bxf4 Bxf4 17. Rxf4 Qe7 (17... O-O $16 {keeps fighting.}) 18. a4 $18 f6 19. Qd2 (19. Ne3 $18) 19... Qd7 20. b3 b6 21. d4 {[%emt 0:01:01] White has more active pieces.} Qc7 $2 {[%emt 0:04:57][%mdl 8192] [#] Black cannot hold the game after this.} (21... cxd4 $16 22. Na3 (22. Qxd4 Nf7 $16) 22... O-O) 22. e5 $1 cxd4 (22... dxe5 23. dxe5) 23. Nxd6+ Kd7 {[%emt 0:01:17] Black is weak on the light squares} 24. Rc1 Qb8 25. Rc8 (25. Qd3 $142 b5 26. Rxf6 (26. Qxd4 Qb6 $18) 26... Rc6 27. Qf5+ (27. dxc6+ Nxc6 28. Qf5+ Kd8 29. Rxc6 gxf6 30. exf6 Qc7) 27... Kc7 28. dxc6 gxf6 29. Qd7+ Kb6 30. c7 (30. exf6 Qxd6 31. Qxd6 Ne6 32. c7+ Kb7 33. axb5 Nc5 34. Rxc5 Ra8 35. c8=B+ Rxc8 36. Qa6+ Kb8 37. Rxc8#)) 25... Qa7 26. Nb5 {[%emt 0:00:26] Weighted Error Value: White=0.13 (very precise) /Black=1.14.  Loses game:     	---       	Black=1      Mistake:       	White=1     	Black=2      Inaccurate:     	---       	Black=2      OK:         	White=4     	Black=4      Brilliant:      	White=1     	---} (26. Qe2 $142 h5 27. Qb5+ (27. Rxd4 Ke7 $18) 27... Ke7 28. Nf5+ (28. Rxd4 Qd7 $18) 28... Kf7 29. e6+ (29. Nxd4 Rf8 $18) 29... Kg6 30. Qd3 (30. Nxd4 Kh6 $18) (30. e7 Kh7 $18) 30... Qf7 31. Ne7+ (31. exf7 Kxf7 32. Qe4 Kg6) 31... Kh6 32. exf7 f5 33. Qxf5 (33. Qxa6 g6 34. Qxb6 Ne6 35. Qxe6 Kg5) (33. Nxf5+ Kg6 34. Qg3+ Kxf7 35. Qxg7+ Ke8 36. Qe7#) 33... b5 34. Ng8+ Rxg8 35. fxg8=N#) 1-0

[Event "28th Hit Open-A 2024"]
[Site "Nova Gorica"]
[Date "2024.01.27"]
[Round "3.17"]
[White "Kozlovic, Jernej"]
[Black "Petrosino, Germano"]
[Result "1-0"]
[ECO "B07"]
[WhiteElo "2174"]
[BlackElo "1715"]
[Annotator "RC"]
[PlyCount "65"]
[EventDate "2024.01.22"]
[EventType "swiss"]
[EventCountry "SLO"]
[SourceTitle "playchess.com"]
[Source "ChessBase"]
[SourceQuality "1"]
[TimeControl "5400+30"]

1. e4 d6 2. d4 Nf6 3. Bd3 e5 4. c3 d5 5. dxe5 Nxe4 6. Nf3 Be7 7. O-O O-O 8. Nbd2 Bf5 9. Qc2 Nxd2 10. Bxf5 Nxf3+ 11. gxf3 g6 12. Kh1 Bg5 13. f4 Bh6 14. Rg1 Bg7 15. Bd3 Nd7 16. Be3 c5 17. Rad1 Rc8 18. Qa4 Qc7 19. Be2 a6 20. Bf3 Rfd8 21. Bxd5 Nb6 22. Qe4 Nxd5 23. Rxd5 Rxd5 24. Qxd5 Rd8 25. Qxc5 Qxc5 26. Bxc5 Rd2 27. Kg2 Rxb2 28. Rd1 h5 29. Rd8+ Kh7 30. Rd7 Kg8 31. a3 Rb3 32. Bd4 Bh6 33. Rd8+ 1-0

[Event "28th Hit Open-A 2024"]
[Site "Nova Gorica"]
[Date "2024.01.27"]
[Round "3.18"]
[White "Bazilius, Augustinas"]
[Black "Jalovec, Igor"]
[Result "1/2-1/2"]
[ECO "A07"]
[WhiteElo "2030"]
[BlackElo "1703"]
[Annotator "NA RC"]
[PlyCount "132"]
[EventDate "2024.01.22"]
[EventType "swiss"]
[EventCountry "SLO"]
[SourceTitle "playchess.com"]
[Source "ChessBase"]
[SourceQuality "1"]
[TimeControl "5400+30"]

1. Nf3 d5 2. g3 g6 3. Bg2 Bg7 4. O-O Nf6 5. c4 dxc4 6. Qa4+ Nbd7 7. Qxc4 O-O 8. d3 c6 9. Nbd2 Nb6 10. Qc2 Qc7 11. d4 Rd8 12. e4 h6 13. Nb3 Bg4 14. Ne5 Be6 15. d5 Bd7 16. Bf4 Qc8 17. Qd2 g5 18. Be3 Nxe4 19. Bxe4 Bxe5 20. f4 Nc4 21. Qe2 Nxe3 22. Qxe3 Bf6 23. fxg5 Bxg5 24. Qf3 f5 25. Bd3 cxd5 26. h4 Bf6 27. Qh5 Bg7 28. Bxf5 Bxf5 29. Rxf5 Qc7 30. Rf3 e5 31. Kg2 Rf8 32. Raf1 d4 33. Qg6 Qc6 34. Qxc6 bxc6 35. Rxf8+ Rxf8 36. Rxf8+ Kxf8 37. Kf3 Ke7 38. Ke4 Kd6 39. Nd2 Kc5 40. g4 Kd6 41. g5 hxg5 42. hxg5 Ke6 43. Nc4 a6 44. b3 Bh8 45. Nd2 Kd6 46. Nc4+ Kc5 47. a3 Kb5 48. Nd6+ Kc5 49. Nf5 a5 50. g6 Kb5 51. Nd6+ Kc5 52. Nf5 Kb5 53. Nd6+ Kc5 54. Ne8 Kb5 55. Nc7+ Kc5 56. g7 Bxg7 57. Ne6+ Kb5 58. Nxg7 a4 59. b4 c5 60. bxc5 Kxc5 61. Kd3 e4+ 62. Kxe4 Kc4 63. Ne6 Kb3 64. Kxd4 Kxa3 65. Kc3 Ka2 66. Kc2 Ka3 1/2-1/2

[Event "28th Hit Open-A 2024"]
[Site "Nova Gorica"]
[Date "2024.01.27"]
[Round "3.19"]
[White "Trybus, Dominika"]
[Black "Szegedy, Matyas"]
[Result "0-1"]
[ECO "B41"]
[WhiteElo "1530"]
[BlackElo "2129"]
[Annotator "NA RC"]
[PlyCount "76"]
[EventDate "2024.01.22"]
[EventType "swiss"]
[EventCountry "SLO"]
[SourceTitle "playchess.com"]
[Source "ChessBase"]
[SourceQuality "1"]
[TimeControl "5400+30"]

1. e4 c5 2. Nf3 e6 3. d4 cxd4 4. Nxd4 a6 5. c4 Nf6 6. Nc3 Bb4 7. Bd3 Qc7 8. O-O Nc6 9. Be3 O-O 10. Kh1 Nxd4 11. Bxd4 e5 12. Be3 Bxc3 13. bxc3 d6 14. Rb1 Be6 15. Qa4 Rfc8 16. c5 dxc5 17. f3 b5 18. Qc2 Ne8 19. a4 Nd6 20. axb5 c4 21. Be2 Nxb5 22. Ra1 Rd8 23. Ra4 Qc6 24. Rfa1 Nd4 25. cxd4 exd4 26. Bxd4 Rxd4 27. Qc3 Rad8 28. h3 Rd2 29. Qe3 h6 30. Rxa6 Qb7 31. R6a3 Qb2 32. R3a2 Qb4 33. Ra4 Qb3 34. R4a3 Qxe3 35. Rxe3 c3 36. Kh2 c2 37. Rc1 Rb8 38. Bd3 Rb3 0-1

[Event "28th Hit Open-A 2024"]
[Site "Nova Gorica"]
[Date "2024.01.27"]
[Round "3.20"]
[White "Gregoric, Andraz"]
[Black "Goroshkov, Maksym"]
[Result "0-1"]
[ECO "B40"]
[WhiteElo "2217"]
[BlackElo "2338"]
[Annotator "RC"]
[PlyCount "126"]
[EventDate "2024.01.22"]
[EventType "swiss"]
[EventCountry "SLO"]
[SourceTitle "playchess.com"]
[Source "ChessBase"]
[SourceQuality "1"]
[TimeControl "5400+30"]

1. e4 c5 2. Nf3 e6 3. c4 Nc6 4. Nc3 Nd4 5. g3 Ne7 6. Bg2 Nec6 7. d3 g6 8. O-O Bg7 9. a3 O-O 10. Rb1 a5 11. Nxd4 Nxd4 12. Bd2 d6 13. b3 Bd7 14. a4 Bc6 15. Ne2 d5 16. Nxd4 Bxd4 17. Bh6 Re8 18. h4 dxe4 19. dxe4 Qc7 20. Qe2 Qxg3 21. h5 Qh4 22. Rbd1 f5 23. Rd3 Bxe4 24. Rh3 Qg4 25. Qxg4 fxg4 26. Rg3 Bxg2 27. Kxg2 gxh5 28. Rh1 e5 29. Rxh5 Ra6 30. Rxg4+ Rg6 31. Rxg6+ hxg6 32. Rh3 Re6 33. Rf3 e4 34. Rg3 Rf6 35. Be3 Kf7 36. Rh3 Ke6 37. Rh4 Ke5 38. Rh7 Bxe3 39. fxe3 Rb6 40. Rd7 Rxb3 41. Rd5+ Kf6 42. Rxc5 b6 43. Rd5 Rxe3 44. c5 Rd3 45. Rxd3 exd3 46. cxb6 d2 47. b7 d1=Q 48. b8=Q Qg4+ 49. Kf2 Qf5+ 50. Kg2 Ke6 51. Qb6+ Ke7 52. Qc7+ Ke8 53. Qc6+ Kf8 54. Qa8+ Kg7 55. Qb7+ Kh6 56. Qb5 Kh5 57. Kg3 Kg5 58. Kg2 Kf4 59. Qb3 Ke5 60. Qc3+ Kd6 61. Qa3+ Kd5 62. Qb3+ Kd4 63. Kh1 Qd5+ 0-1

[Event "28th Hit Open-A 2024"]
[Site "Nova Gorica"]
[Date "2024.01.27"]
[Round "3.21"]
[White "Stevanic, David"]
[Black "Marchesich, Giovanni"]
[Result "0-1"]
[ECO "B15"]
[WhiteElo "2294"]
[BlackElo "2210"]
[Annotator "RC"]
[PlyCount "90"]
[EventDate "2024.01.22"]
[EventType "swiss"]
[EventCountry "SLO"]
[SourceTitle "playchess.com"]
[Source "ChessBase"]
[SourceQuality "1"]
[TimeControl "5400+30"]

1. e4 c6 2. d4 d5 3. Nc3 dxe4 4. Nxe4 Nf6 5. Nxf6+ exf6 6. Nf3 Bd6 7. Bd3 O-O 8. Be3 Re8 9. Qd2 Nd7 10. O-O Nf8 11. Nh4 g6 12. c4 Ne6 13. g3 Ng5 14. Rfe1 Bg4 15. Bxg5 Rxe1+ 16. Rxe1 fxg5 17. Ng2 Bf8 18. Be2 Be6 19. Ne3 Qb6 20. Rd1 Rd8 21. Bf3 f5 22. d5 f4 23. Ng2 cxd5 24. Bxd5 Bxd5 25. cxd5 Bd6 26. gxf4 Rf8 27. f5 Rxf5 28. Ne3 Rf4 29. Qc3 Qd8 30. Rc1 Rh4 31. Nf1 Qd7 32. f3 Qf5 33. Rd1 g4 34. Qd3 Qxf3 35. Qxf3 gxf3 36. Kf2 Rf4 37. Ne3 Kf7 38. b3 Bc5 39. d6 Ke8 40. Rd5 Bxe3+ 41. Kxe3 f2 42. d7+ Kd8 43. Kxf4 f1=Q+ 44. Ke5 Qf5+ 45. Kd4 Qf4+ 0-1

[Event "28th Hit Open-A 2024"]
[Site "Nova Gorica"]
[Date "2024.01.27"]
[Round "3.22"]
[White "Caruso, Augusto"]
[Black "Perossa, Nicolas"]
[Result "1/2-1/2"]
[ECO "C47"]
[WhiteElo "2159"]
[BlackElo "2277"]
[Annotator "TA"]
[PlyCount "80"]
[EventDate "2024.01.22"]
[EventType "swiss"]
[EventCountry "SLO"]
[SourceTitle "playchess.com"]
[Source "ChessBase"]
[SourceQuality "1"]
[TimeControl "5400+30"]

1. e4 e5 2. Nf3 Nc6 3. Nc3 Nf6 4. d4 exd4 5. Nxd4 Bb4 6. Nxc6 bxc6 7. Bd3 d5 8. exd5 O-O 9. O-O cxd5 10. Bg5 c6 11. Qf3 Bd6 12. h3 h6 13. Bf4 Bxf4 14. Qxf4 Re8 15. Rfe1 Bd7 16. Rxe8+ Qxe8 17. Qd6 Qb8 18. Qxb8+ Rxb8 19. Na4 Kf8 20. b3 Ke7 21. Rd1 Kd6 22. Nc3 g5 23. Ne2 Nh5 24. g4 Nf6 25. Ng3 h5 26. f3 (26. Nxh5 Nxg4 27. Ng3 (27. hxg4 $2 Bxg4 28. Rf1 Bxh5 $17) 27... Ne5 $17) 26... Be6 27. Kg2 ({Don't play} 27. gxh5 Rh8 28. Bf1 Nxh5 $17) (27. Nxh5 Nxh5 28. gxh5 Rh8 $19) 27... a5 28. c3 {[%emt 0:21:24] [#]} ({Reject} 28. gxh5 Rh8 29. Be2 Nxh5 30. Nxh5 Rxh5 $17) ({Much weaker is} 28. Nxh5 Nxh5 29. gxh5 Rh8 $17) 28... a4 $1 29. b4 (29. Bc2 h4) 29... c5 30. a3 cxb4 (30... h4 $15 31. Ne2 Bd7) 31. cxb4 $11 {[%emt 0:00:07] The position is equal.} hxg4 32. hxg4 Rc8 33. Ne2 {[%emt 0:00:29] Dodges Rc3} Nd7 34. Kf2 Nb6 35. Ke3 Ke5 36. Kd2 f5 37. gxf5 Bxf5 38. Nc3 Bxd3 39. Kxd3 Nc4 {[%emt 0:04:46] [#] And now ...Nb2+ would win.} 40. Rg1 Nxa3 {[%emt 0:05:39] Weighted Error Value: White=0.07 (flawless) /Black=0.07 (flawless) .  Mistake:       	---       	Black=1      Inaccurate:     	White=1     	Black=2      OK:         	White=8     	Black=9} 1/2-1/2

[Event "28th Hit Open-A 2024"]
[Site "Nova Gorica"]
[Date "2024.01.27"]
[Round "3.23"]
[White "Markocic, Tine"]
[Black "Plaskan, Jure"]
[Result "1/2-1/2"]
[ECO "B41"]
[WhiteElo "2055"]
[BlackElo "2262"]
[Annotator "RC"]
[PlyCount "90"]
[EventDate "2024.01.22"]
[EventType "swiss"]
[EventCountry "SLO"]
[SourceTitle "playchess.com"]
[Source "ChessBase"]
[SourceQuality "1"]
[TimeControl "5400+30"]

1. e4 c5 2. Nf3 e6 3. d4 cxd4 4. Nxd4 a6 5. c4 Nf6 6. Nc3 Qc7 7. a3 b6 8. f4 d6 9. Bd3 Be7 10. O-O Nbd7 11. Qf3 Bb7 12. Be3 g6 13. Rac1 Rc8 14. Bb1 Qb8 15. Qh3 Nc5 16. f5 gxf5 17. exf5 e5 18. Nde2 Ncd7 19. Nd5 Rg8 20. Ba2 b5 21. Ng3 bxc4 22. Nxe7 Kxe7 23. Rxc4 Rxc4 24. Bxc4 Ba8 25. Rf2 Qb7 26. Qh6 Qc6 27. Bf1 Ng4 28. f6+ Ndxf6 29. Qh4 Nxf2 30. Bxf2 Rg4 31. Qh6 Rf4 32. Qg5 h6 33. Nf5+ Ke6 34. Ng7+ Kd7 35. Qg3 Ng4 36. Nh5 Rxf2 37. Qxg4+ f5 38. Qg7+ Kc8 39. Qg8+ Kc7 40. Qf7+ Kc8 41. Kxf2 Qc5+ 42. Ke1 Qc1+ 43. Kf2 Qc5+ 44. Ke1 Qc1+ 45. Kf2 Qc5+ 1/2-1/2

[Event "28th Hit Open-A 2024"]
[Site "Nova Gorica"]
[Date "2024.01.27"]
[Round "3.24"]
[White "Herega, Nejc"]
[Black "Centrih, Aleks"]
[Result "1/2-1/2"]
[ECO "A38"]
[WhiteElo "2257"]
[BlackElo "2082"]
[Annotator "RC"]
[PlyCount "47"]
[EventDate "2024.01.22"]
[EventType "swiss"]
[EventCountry "SLO"]
[SourceTitle "playchess.com"]
[Source "ChessBase"]
[SourceQuality "1"]
[TimeControl "5400+30"]

1. d4 Nf6 2. Nf3 g6 3. g3 Bg7 4. Bg2 O-O 5. c4 c5 6. Nc3 cxd4 7. Nxd4 d6 8. O-O Nc6 9. Nc2 Qa5 10. Nd5 Nxd5 11. cxd5 Ne5 12. Bd2 Qb6 13. Bc3 Nd7 14. Bxg7 Kxg7 15. b3 Nf6 16. Ne3 Bd7 17. Nc4 Qa6 18. a4 Rfc8 19. Qd4 b5 20. axb5 Qxb5 21. Rxa7 Qxb3 22. Nd2 Qb5 23. Rxa8 Rxa8 24. Bf3 1/2-1/2

[Event "28th Hit Open-A 2024"]
[Site "Nova Gorica"]
[Date "2024.01.27"]
[Round "3.25"]
[White "Skrbec, Leon"]
[Black "Debevec, Blaz"]
[Result "1-0"]
[ECO "E63"]
[WhiteElo "2218"]
[BlackElo "2077"]
[Annotator "TA"]
[PlyCount "101"]
[EventDate "2024.01.22"]
[EventType "swiss"]
[EventCountry "SLO"]
[SourceTitle "playchess.com"]
[Source "ChessBase"]
[SourceQuality "1"]
[TimeControl "5400+30"]

1. d4 Nf6 2. c4 g6 3. Nf3 Bg7 4. g3 O-O 5. Bg2 d6 6. O-O Nc6 7. Nc3 a6 8. Bf4 h6 9. h3 g5 10. Be3 g4 {[%emt 0:00:40] White is slightly better.} 11. hxg4 {[%emt 0:01:58] OK} Nxg4 12. Bf4 e5 {[%emt 0:00:42] OK} 13. dxe5 {[%emt 0:00:04] OK} dxe5 14. Qxd8 Rxd8 15. Bd2 {[%emt 0:00:16] OK} Be6 {[%emt 0:00:35] OK} 16. b3 $1 {[%emt 0:02:49] Strong} Nd4 {[%emt 0:10:03] Inaccurate} 17. Rad1 c6 {[%emt 0:00:58] OK} 18. e3 {[%emt 0:01:36] OK} Nxf3+ {[%emt 0:01:26] OK} 19. Bxf3 Rd7 {[%emt 0:01:22] White now steadily converts the win. Mistake (0.8)} ({Black should play} 19... Bf8 $14) 20. Na4 $16 {[%emt 0:00:31] OK} Rad8 {[%emt 0:00:59] OK} 21. Ba5 {[%emt 0:00:24] OK} Rxd1 {[%emt 0:00:14] OK} 22. Bxd1 ({Don't play} 22. Rxd1 $6 Rxd1+ 23. Bxd1 Bf8 $14) 22... Re8 {[%emt 0:01:56] Mistake (0.7)} (22... Rb8 $16) 23. Nc5 $18 {[%emt 0:01:27][%cal Oc5e6] Nxe6! would now be deadly. Best (Easy)} Bc8 {[%emt 0:00:15] [#] OK} 24. Nxb7 $1 {[%emt 0:07:33][%mdl 512] Brilliant} Bf8 {[%emt 0:02:29] Prevents Nd6. OK} 25. Nd8 {[%emt 0:05:11] OK} Bd7 {[%emt 0:07:18] [#] Mistake (1.2)} (25... c5 {keeps fighting.} 26. Be2 e4) 26. Nxc6 $1 {[%emt 0:07:04][%mdl 512] OK} Nxe3 (26... Nf6 27. Nb4) 27. fxe3 Bxc6 {[%emt 0:00:07] OK} 28. Bh5 {[%emt 0:00:06] OK} Re7 {[%emt 0:00:36] OK} 29. Rf6 {[%emt 0:00:24] OK} Be4 30. Rxa6 {[%emt 0:00:29] OK} Rd7 31. Kf2 {[%emt 0:00:37] OK} f5 32. Bf3 {[%emt 0:04:07] OK} Bxf3 {[%emt 0:02:55] OK} 33. Kxf3 {[%emt 0:01:17][%mdl 4096] Endgame. KRB-KRB} Rd1 34. Bc7 {[%emt 0:00:21] OK} Bg7 35. g4 e4+ 36. Ke2 {[%emt 0:00:06] OK} Rb1 37. gxf5 {[%emt 0:00:14] OK} Kf7 {[%emt 0:00:54] Inaccurate} 38. c5 {[%emt 0:00:21][%cal Bc4c5,Bc5c6,Bc6c7][%mdl 32] EV=19.89. Goes to c7 (dbg)). OK} Bf6 39. Bf4 Rb2+ 40. Kf1 Rb1+ 41. Kg2 h5 42. c6 Rc1 43. Ra7+ Ke8 44. Ra8+ Ke7 45. c7 Kd7 46. Rf8 Be7 47. Rf7 {[%emt 0:00:26] Threatening mate with f6.} Ke8 48. Rh7 h4 49. a4 {[%emt 0:00:50][%cal Ba2a4,Ba4a5][%mdl 32] Intending a5 and mate. EV=25.78. Goes to a5 (dbg))} Rc2+ 50. Kh3 {[%emt 0:00:04] a5 would kill now.} Rc1 51. a5 {[%emt 0:00:17] Weighted Error Value: White=0.13 (very precise) /Black=0.34.  Mistake:       	---       	Black=3      Inaccurate:     	---       	Black=2      OK:         	White=17    	Black=11     Best:        	White=1     	---        Strong:       	White=1     	---        Brilliant:      	White=1     	---} 1-0

[Event "28th Hit Open-A 2024"]
[Site "Nova Gorica"]
[Date "2024.01.27"]
[Round "3.26"]
[White "Dorokhina, Elizaveta"]
[Black "Pagano, Sergio"]
[Result "1-0"]
[ECO "D02"]
[WhiteElo "1994"]
[BlackElo "1821"]
[Annotator "NA RC"]
[PlyCount "35"]
[EventDate "2024.01.22"]
[EventType "swiss"]
[EventCountry "SLO"]
[SourceTitle "playchess.com"]
[Source "ChessBase"]
[SourceQuality "1"]
[TimeControl "5400+30"]

1. d4 d5 2. Bf4 e6 3. e3 c5 4. c3 Nc6 5. Nd2 Nf6 6. Ngf3 Be7 7. h3 O-O 8. Bd3 Qb6 9. Rb1 cxd4 10. exd4 Re8 11. O-O Nd7 12. Re1 Nf8 13. Ng5 Nxd4 14. cxd4 Qxd4 15. Qf3 f6 16. Nxh7 e5 17. Nxf8 Kxf8 18. Bxe5 1-0

[Event "28th Hit Open-A 2024"]
[Site "Nova Gorica"]
[Date "2024.01.27"]
[Round "3.27"]
[White "Barbir, Petar"]
[Black "Labrovic, Jakov"]
[Result "1/2-1/2"]
[ECO "B00"]
[WhiteElo "1738"]
[BlackElo "1925"]
[Annotator "TA"]
[PlyCount "54"]
[EventDate "2024.01.22"]
[EventType "swiss"]
[EventCountry "SLO"]
[SourceTitle "playchess.com"]
[Source "ChessBase"]
[SourceQuality "1"]
[TimeControl "5400+30"]

1. e4 b6 2. d4 Bb7 3. Nc3 e6 4. Nf3 Bb4 5. Bd3 Nf6 6. e5 Ne4 7. Bd2 (7. Bxe4 $11 Bxe4 8. O-O) 7... Nxd2 $15 8. Qxd2 Bxf3 $1 {[%emt 0:01:35] Black is slightly better.} 9. gxf3 Qh4 10. Be4 Nc6 11. a3 Be7 (11... Bxc3 $15 12. Qxc3 O-O-O) 12. Rg1 O-O-O 13. O-O-O g6 (13... f5 $11 14. Bd3 (14. Bxc6 dxc6 15. f4 Rhg8 $15) 14... g5) 14. Qe2 (14. d5 $16 exd5 (14... Nxe5 15. Qe2 $16) 15. Bxd5 (15. Qxd5 f5 $15)) 14... Kb7 (14... Nb8 $11) 15. d5 $18 exd5 16. Nxd5 Bc5 (16... Kb8 $16) 17. Nb4 $2 (17. f4 a5 18. b4 Bxf2) ({White should play} 17. Nf6 $18) 17... Bxb4 $1 $11 18. axb4 {[%emt 0:00:09] [#] b5 is the strong threat.} a6 ({Black should try} 18... Kb8 $11) 19. b5 {[%emt 0:01:28] White is more active.} (19. Rg4 $14 Qxh2 20. f4) 19... axb5 20. Qxb5 {[%emt 0:00:09][%cal Od1d7] Threatens to win with Rxd7!} (20. Kb1 {simplifies} f5 21. exf6 Qxf6 22. Rd5) 20... f5 21. exf6 Qxf6 22. Rg5 Ra8 23. Rxd7 {[%emt 0:05:12] [#] And now Rc5 would win.} Ra5 (23... Rhe8 $1 $11 {keeps the balance.} 24. Rg4 (24. Rxh7 $2 {loses.} Rxe4 25. c3 Qxf3 $19) 24... Ra1+ 25. Kd2 Re6) 24. Qxc6+ $16 Qxc6 25. Rxa5 (25. Bxc6+ Kxc6 26. Rxa5 Kxd7 $17) 25... bxa5 26. Rd3 (26. Bxc6+ Kxc6 27. Rf7 Re8 $11) (26. Rf7 $16) 26... Kb6 $11 27. Bxc6 Kxc6 {[%emt 0:00:09] Weighted Error Value: White=0.35/Black=0.36.  Loses game:     	---       	Black=1      Missed win:     	White=1     	---        Mistake:       	White=4     	Black=5      Inaccurate:     	White=2     	---        OK:         	White=4     	Black=6      Best:        	White=1     	Black=1      Strong:       	---       	Black=2} 1/2-1/2